 Dungeon Crawl Stone Soup version 0.14-a0-1876-g927fc3a (webtiles) character file.

1534 Jenx the Conjurer (level 8, -6/41 HPs)
             Began as a Deep Elf Ice Elementalist on Jan 15, 2014.
             Was a Believer of Vehumet.
             Mangled by an orc
             ... wielding a +0,+1 orcish flail
              (9 damage)
             ... on Level 5 of the Dungeon.
             The game lasted 00:25:06 (7555 turns).

Jenx the Conjurer (Deep Elf Ice Elementalist)       Turns: 7555, Time: 00:25:06

HP  -6/41        AC  2     Str  6      XL: 8   Next: 27%
MP  25/30        EV 13     Int 23      God: Vehumet [**....]
Gold 272         SH  0     Dex 15      Spells:  6 memorised,  1 level left

rFire  . . .     SeeInvis .     a - +1 hand axe (elec)
rCold  . . .     Clarity  .     i - +0 robe
rNeg   . . .     Conserve .     (no shield)
rPois  .         rCorr    .     (no helmet)
rElec  .         rRot     .     (no cloak)
SustAb . .       Spirit   .     (no gloves)
rMut   .         Warding  .     (no boots)
Saprov . . .     Stasis   .     (no amulet)
MR     .....                    j - ring of magical power
                                q - +1 ring of strength

@: mildly poisoned, not resistant to hostile enchantments, fairly stealthy
A: no striking features
a: Renounce Religion


You were on level 5 of the Dungeon.
You worshipped Vehumet.
Vehumet was pleased with you.
You were not hungry.

You visited 2 branches of the dungeon, and saw 6 of its levels.

You collected 272 gold pieces.

Inventory:

Hand weapons
 a - a +1,+1 hand axe of electrocution (weapon)
 e - a +3,+2 dagger of venom
Armour
 i - a +0 robe (worn)
Comestibles
 c - 2 bread rations
 m - a chunk of goblin flesh
 n - a meat ration
Scrolls
 d - 6 scrolls of remove curse
Jewellery
 j - a ring of magical power (right hand)
 k - an uncursed ring of protection from fire
 q - a +1 ring of strength (left hand)
Potions
 f - 2 potions of speed {unknown}
 g - 2 potions of curing {unknown}
 h - 4 potions of heal wounds {unknown}
 l - a potion of cure mutation {unknown}
 p - 2 potions of poison {unknown}
 r - a potion of paralysis {unknown}
Books
 b - a book of Frost

   Spells                             Type                      Level
   *Freeze                            Ice                          1
   *Throw Frost                       Conjuration/Ice              2
   *Ozocubu's Armour                  Charms/Ice                   3
   Throw Icicle                       Conjuration/Ice              4
   Summon Ice Beast                   Ice/Summoning                4
   Condensation Shield                Ice                          4
 o - a book of Minor Magic

   Spells                             Type                      Level
   *Magic Dart                        Conjuration                  1
   Blink                              Translocation                2
   Call Imp                           Summoning                    2
   *Repel Missiles                    Charms/Air                   2
   Slow                               Hexes                        2
   Conjure Flame                      Conjuration/Fire             3
   *Mephitic Cloud                    Conjuration/Poison/Air       3


   Skills:
 - Level 2.4 Dodging
 - Level 2.4 Stealth
 - Level 3.0 Spellcasting
 + Level 10.5 Conjurations
 - Level 4.1 Ice Magic


You had one spell level left.
You knew the following spells:

 Your Spells              Type           Power        Failure   Level  Hunger
a - Magic Dart            Conj           ####         1%          1    None
b - Throw Frost           Conj/Ice       #####.       1%          2    ##.....
c - Mephitic Cloud        Conj/Pois/Air  ###.....     10%         3    ###....
d - Freeze                Ice            ###.         2%          1    None
e - Ozocubu's Armour      Chrm/Ice       ##........   17%         3    ###....
f - Repel Missiles        Chrm/Air       #.........   21%         2    ##.....


Dungeon Overview and Level Annotations

Branches:
Dungeon (5/16)             Temple (1/1) D:4

Altars:
Ashenzari
Cheibriados
Elyvilon
Fedhas
Kikubaaqudgha
Makhleb
Nemelex Xobeh
Okawaru
Sif Muna
Trog
Vehumet
Xom
Yredelemnul
Zin
the Shining One


Message History

Unknown command.
You feel sick.
The orc priest is engulfed in noxious fumes.
The orc priest appears confused.
You closely miss the orc.
You feel sick. The orc closely misses you.
The orc hits you with an orcish flail.
* * * LOW HITPOINT WARNING * * *
The orc priest is engulfed in noxious fumes.
The orc priest appears confused.
You closely miss the orc. The orc hits you with an orcish dagger.
* * * LOW HITPOINT WARNING * * *
The orc priest is engulfed in noxious fumes.
The orc hits you with an orcish flail.
* * * LOW HITPOINT WARNING * * *
The orc barely misses you.
You hit the orc.
The orc is moderately wounded.
You hit the sky beast zombie but do no damage.
There is a sudden explosion of sparks!
The orc hits you with an orcish flail!
You die...

..o.........# ..
.oo.......##...
#......#......
###.Z..........
####..........
###.#%#......... .#.
###...............
.....#..oZ...##.#.....
#....o@o...........
#................. .
.....#............ #.
.................. ...
........................
........................
........................
........................
........#.............#..


You could see an orc priest (confused), 2 orcs and a sky beast zombie.

Vanquished Creatures
  The ghost of Deemzul the Insei, an experienced OpMo of Xom (D:5)
  4 big kobolds (D:3)
  5 orc priests (D:4)
  A hound (D:4)
  A centaur skeleton (D:3)
  2 orc wizards (D:4)
  2 worker ants
  Terence (D:2)
  11 adders
  7 gnolls
  A giant mite (D:4)
  An inept feature mimic (D:5)
  3 worms
  An adder skeleton (D:4)
  3 giant geckos
  An ooze (D:1)
  27 orcs
  9 giant cockroaches
  15 hobgoblins
  7 jackals (D:2)
  48 kobolds
  A ball python (D:3)
  6 bats
  6 giant newts
  16 goblins
  A goblin skeleton (D:4)
  An orc skeleton (D:4)
  14 rats
196 creatures vanquished.

Notes
Turn   | Place    | Note
--------------------------------------------------------------
     0 | D:1      | Jenx, the Deep Elf Ice Elementalist, began the quest for the Orb.
     0 | D:1      | Reached XP level 1. HP: 10/10 MP: 5/5
   202 | D:1      | Reached skill level 4 in Ice Magic
   202 | D:1      | Reached XP level 2. HP: 15/15 MP: 6/8
   207 | D:1      | Learned a level 2 spell: Throw Frost
   670 | D:1      | Reached XP level 3. HP: 19/19 MP: 8/10
  1319 | D:2      | Learned a level 3 spell: Ozocubu's Armour
  1504 | D:2      | Learned a level 1 spell: Magic Dart
  1671 | D:2      | Reached XP level 4. HP: 24/24 MP: 10/13
  2106 | D:2      | Noticed Terence
  2114 | D:2      | Killed Terence
  2836 | D:3      | Reached XP level 5. HP: 28/28 MP: 13/16
  2987 | D:3      | Learned a level 3 spell: Mephitic Cloud
  3172 | D:3      | Reached skill level 5 in Conjurations
  3688 | D:4      | Found a staircase to the Ecumenical Temple.
  3705 | Temple   | Entered the Ecumenical Temple
  3912 | Temple   | Became a worshipper of Vehumet
  4485 | D:4      | Reached skill level 6 in Conjurations
  4485 | D:4      | Reached XP level 6. HP: 32/32 MP: 6/18
  4992 | D:4      | Reached skill level 7 in Conjurations
  5305 | D:4      | Acquired Vehumet's first power
  5305 | D:4      | Offered knowledge of Sting by Vehumet.
  5363 | D:4      | Reached XP level 7. HP: 19/36 MP: 5/20
  5615 | D:4      | Reached skill level 8 in Conjurations
  6092 | D:3      | Noticed a big kobold
  6103 | D:3      | Killed a big kobold
  6236 | D:3      | Learned a level 2 spell: Repel Missiles
  6356 | D:3      | Noticed a big kobold
  6368 | D:3      | Killed a big kobold
  6466 | D:3      | Offered knowledge of Shock by Vehumet.
  6476 | D:3      | Noticed a big kobold
  6487 | D:3      | Killed a big kobold
  6487 | D:3      | Reached skill level 9 in Conjurations
  6511 | D:3      | Noticed a big kobold
  6520 | D:3      | Killed a big kobold
  6790 | D:3      | Found a shimmering altar of Xom.
  7209 | D:5      | Entered Level 5 of the Dungeon
  7247 | D:5      | Noticed Deemzul's ghost (experienced OpMo)
  7257 | D:5      | Killed Deemzul's ghost
  7257 | D:5      | Reached skill level 10 in Conjurations
  7257 | D:5      | Reached XP level 8. HP: 41/41 MP: 14/21
  7555 | D:5      | Mangled by an orc

Action                   |  1- 3 |  4- 6 |  7- 9 || total
-------------------------+-------+-------+-------++-------
Melee: Dagger            |    19 |    65 |    40 ||   124
       Hand axe          |       |       |     6 ||     6
Throw: Tomahawk          |       |     1 |       ||     1
 Cast: Freeze            |    39 |       |       ||    39
       Throw Frost       |    11 |    53 |    29 ||    93
       Magic Dart        |     2 |   118 |   123 ||   243
       Ozocubu's Armour  |       |     1 |       ||     1
       Mephitic Cloud    |       |     6 |     8 ||    14
  Use: Scroll            |     5 |     4 |     5 ||    14
 Stab: Sleeping          |     5 |       |       ||     5
